cohdb
Replays
Latest Replays
All Replays
Popular Replays
Top Player Replays
Match Explorer
How It Works
Community
CoH3 Stats
Reddit
Sign in to upload your games and track your stats! →
Sign in with Steam
Match 42516576
Unlisted
Match 42516576
Overview
Messages
Build Orders
End
Panzergrenadier Squad
Panzergrenadier Squad
Panzerpioneer Squad
Construct Light Support Kompanie
Selects Panzerjäger Kommand Battlegroup
Selects Blockade Equipment
Fire Support Elements
Forward Retreat Point
2.5-tonne Medical Truck
Flakvierling Half-track
Selects Defensive Positions
Selects Tank Busters
Veteran Squad Leaders
Selects Butterfly Bomb Drop
Panzerjäger Mechanized Group
Combat Half-tracks
Construct Panzerarmee Kommand
Armored Reserves
Selects Crew Shock Tactics
Forward Retreat Point
Panzer IV Assault Group
Rapid Advance
Vehicle Survival Package
Construct Mechanized Kompanie
Selects Anti-tank Overwatch
18-tonne Recovery Half-track
Tiger Heavy Tank
Anti-tank Overwatch
Emergency Repair Kits
Butterfly Bomb Drop
An 'orrible Cunt
danceM
jenscher89
qZeto
BIOHAZARD
Gorgolo
0
0
Comments
sign in to comment!
No comments posted yet!